 Dungeon Crawl Stone Soup version 0.25.1-2-g60ff931df9 (webtiles) character file.

Game seed: 12121080728524040719

290 Descartes the Covered (level 6, -1/51 HPs)
             Began as a Minotaur Berserker on Aug 13, 2020.
             Was a Believer of Trog.
             Slain by an orc
             ... wielding a +0 trident
              (6 damage)
             ... on level 3 of the Dungeon.
             The game lasted 00:05:18 (3411 turns).

Descartes the Covered (Minotaur Berserker)          Turns: 3411, Time: 00:05:19

Health: -1/51      AC:  8    Str: 22    XL:     6   Next: 9%
Magic:  5/5        EV: 11    Int:  4    God:    Trog [**....]
Gold:   150        SH:  0    Dex: 11    Spells: 5/5 levels left

rFire    . . .     SeeInvis .   v - +0 falchion (curse)
rCold    . . .     Gourm    .   (no shield)
rNeg     . . .     Faith    .   x - +0 scale mail
rPois    .         Spirit   .   (helmet restricted)
rElec    .         Reflect  .   (no cloak)
rCorr    .         Harm     .   (no gloves)
MR       .....                  (no boots)
Stlth    ..........             y - amulet of the acrobat
HPRegen  0.17/turn              (no ring)
MPRegen  0.09/turn              (no ring)

@: no status effects
A: retaliatory headbutt, horns 2
a: Berserk, Trog's Hand, Renounce Religion


You were on level 3 of the Dungeon.
You worshipped Trog.
Trog was pleased with you.
You were hungry.

You visited 1 branch of the dungeon, and saw 4 of its levels.

You collected 150 gold pieces.

Inventory:

Hand Weapons
 a - a +0 hand axe
 p - a +0 whip of venom
 v - a cursed +0 falchion (weapon)
 w - a +0 club
Missiles
 f - 19 bolts
 h - 38 poisoned darts (quivered)
 i - 111 stones
 q - 10 boomerangs
 r - 50 arrows
Armour
 b - a +0 animal skin
 j - a +0 ring mail
 x - a +0 scale mail (worn)
Jewellery
 y - an amulet of the acrobat (around neck)
Scrolls
 n - a scroll of identify
Potions
 d - a potion of resistance {unknown}
 e - 2 potions of brilliance
 g - 2 potions of curing {unknown}
 k - 4 potions of cancellation
 m - a potion of haste {unknown}
 o - a potion of invisibility {unknown}
 s - a potion of mutation {unknown}
 t - 2 potions of heal wounds {unknown}
Comestibles
 c - 4 rations


   Skills:
 - Level 3.6 Fighting
 - Level 3.6 Axes
 + Level 7.8 Armour
 - Level 2.1 Dodging


You had 5 spell levels left.
You didn't know any spells.
Your spell library was empty.

Dungeon Overview and Level Annotations

Branches:
Dungeon (4/15)
 Temple: D:4-7

Altars:
Cheibriados
Dithmenos
Hepliaklqana


Innate Abilities, Weirdness & Mutations

You reflexively headbutt those who attack you in melee.
You have a pair of horns on your head.


Message History

You kill the hound!
Trog accepts your kill.
You have reached level 6!
Your experience leads to an increase in your attributes!
Increase (S)trength, (I)ntelligence, or (D)exterity?
You feel agile.
The orc hits you from afar with a +0 trident.
* * * LOW HITPOINT WARNING * * *
The orc hits you with a +0 trident.
* * * LOW HITPOINT WARNING * * *
There is a stone staircase leading up here.
Things that are here:
a +0 dagger; a +0 robe; an orc corpse The orc hits you but does no damage.
You climb upwards.
There is a stone staircase leading down here.
You hit the orc but do no damage. The orc hits you but does no damage.
You barely miss the orc. The orc barely misses you.
You closely miss the orc. The orc hits you with a +0 trident.
You die...

#############.###..#
#..................#
#.###########.####.# #.#
#......#.############## #.#
##.#.##.#............... #.#
#.....#.################ #.#
#.....#.# #....รท.....
#.########.....#.######.#########
...............o@.....#.# #######
..#########.#.##.####.#.# #......
..# #.#.........#.# #.##### ..#
#.#....)...<#.# #.# ..#
#.#....[....#.# #.# ..#
#.#.........#.# #.# .##
#.##........#.# #.##### .#
#.............###.....# .#
#####.)...........###.#


You could see an orc.

Vanquished Creatures
  A hound (D:4)
  An orc priest (D:3)
  An iguana (D:4)
  3 orc wizards
  3 gnolls
  5 adders
  An ooze (D:1)
  An adder skeleton (D:3)
  3 worms
  A dart slug (D:3)
  4 orcs (D:3)
  2 giant cockroaches
  4 goblins
  8 hobgoblins
  A ball python (D:3)
  4 bats
  2 frilled lizards
  6 kobolds
  7 rats
  2 toadstools (D:1)
60 creatures vanquished.

Vanquished Creatures (others)
  2 toadstools (D:1)
2 creatures vanquished.

Grand Total: 62 creatures vanquished

Notes
Turn   | Place    | Note
-------+----------+-------------------------------------------
     0 | D:1      | Descartes the Minotaur Berserker began the quest for the
                  | Orb.
     0 | D:1      | Reached XP level 1. HP: 19/19 MP: 0/0
   198 | D:1      | Reached skill level 3 in Armour
   218 | D:1      | Reached XP level 2. HP: 23/26 MP: 1/1
   806 | D:2      | Reached skill level 4 in Armour
   809 | D:2      | Reached XP level 3. HP: 28/31 MP: 2/2
  1285 | D:3      | Reached ** piety under Trog
  1508 | D:3      | Reached skill level 5 in Armour
  1667 | D:3      | Reached XP level 4. HP: 39/39 MP: 3/3
  2255 | D:3      | Reached skill level 6 in Armour
  2395 | D:3      | Found a hazy altar of Hepliaklqana.
  2396 | D:3      | Found a shadowy altar of Dithmenos.
  2396 | D:3      | Noticed a shadow
  2428 | D:3      | Reached XP level 5. HP: 10/45 MP: 4/4
  2882 | D:3      | Found a snail-covered altar of Cheibriados.
  3021 | D:4      | Reached skill level 7 in Armour
  3405 | D:4      | Reached XP level 6. HP: 9/51 MP: 5/5
  3411 | D:3      | Slain by an orc

Illustrated notes

Levels and vault maps discovered:
D:1:      ldierk_walled_garden_2, layout_basic, chequers_mini_garden,
          minmay_tetromino_i4
D:2:      layout_rooms
D:3:      layout_basic, riverfiend_overflow_shadow_ancestor,
          lemuel_crystal_altar, first_ration, lemuel_another_geyser
D:4:      layout_basic, lemuel_round_altar, lemuel_crystal_altar,
          minmay_temple_entry_mist, uniq_edmund

Skill      XL: |  1  2  3  4  5 |
---------------+----------------+-----
Armour         | 3 4 5 6 7 |  7.8
Fighting       | |  3.6
Axes           | |  3.6
Dodging        | |  2.1

Action                   |  1- 3 |  4- 6 || total
-------------------------+-------+-------++-------
Melee: Hand axe          |    19 |       ||    19
       Headbutt          |     9 |    14 ||    23
       Whip              |    27 |       ||    27
       Falchion          |    26 |    79 ||   105
  Use: Scroll            |       |     4 ||     4
 Stab: Sleeping          |     1 |       ||     1
  Eat: Chunk             |     2 |     5 ||     7
Armor: Animal skin       |     3 |       ||     3
       Ring mail         |    22 |     8 ||    30
       Scale mail        |       |    28 ||    28
Dodge: Dodged            |    42 |    56 ||    98
       Rpst.: Falchion   |     2 |    14 ||    16
